 Dungeon Crawl Stone Soup version 0.23.1 (webtiles) character file.

Game seed: 2234174024502999638

44 Borgoz the Sneak (level 3, -8/27 HPs)
             Began as a Ghoul Enchanter on Mar 5, 2019.
             Mangled by an iguana (11 damage)
             ... on level 2 of the Dungeon.
             The game lasted 00:02:03 (1526 turns).

Borgoz the Sneak (Ghoul Enchanter)                  Turns: 1526, Time: 00:02:04

Health: -8/27      AC:  2    Str: 11    XL:     3   Next: 60%
Magic:  0/4        EV: 17    Int: 11    God:
Gold:   39         SH:  0    Dex: 14    Spells: 2/5 levels left

rFire    . . .     SeeInvis .   a - +1 dagger
rCold    + . .     Gourm    .   (no shield)
rNeg     + + +     Faith    .   b - +0 robe
rPois    ∞         Spirit   .   (no helmet)
rElec    .         Reflect  .   (no cloak)
rCorr    .         Harm     .   (no gloves)
MR       .....                  (no boots)
Stlth    +++.......             c - amulet of the acrobat
HPRegen  0.00/turn              (no ring)
MPRegen  0.09/turn              (no ring)

@: agile, rotting
A: rotting body, claws 1, carnivore, cold resistance 1, negative energy
resistance 3, inhibited regeneration, torment resistance, unbreathing
a: no special abilities


You were on level 2 of the Dungeon.
You were not hungry.

You visited 1 branch of the dungeon, and saw 2 of its levels.

You collected 39 gold pieces.

Inventory:

Hand Weapons
 a - a +1 dagger (weapon)
Missiles
 q - 7 poisoned needles
Armour
 b - a +0 robe (worn)
Jewellery
 c - an amulet of the acrobat (around neck)
Scrolls
 g - a scroll of teleportation {unknown}
 h - a scroll of immolation {unknown}
 j - a scroll of identify {unknown}
 k - a scroll of remove curse {unknown}
 l - a scroll of fog {unknown}
 n - a scroll of enchant weapon {unknown}
Potions
 f - a potion of berserk rage {unknown}
 i - a potion of lignification {unknown}
 m - 2 potions of haste {unknown}
 o - a potion of invisibility {unknown}
Comestibles
 d - a ration


   Skills:
 + Level 0.7 Fighting
 * Level 1.6 Short Blades
 + Level 0.5 Armour
 * Level 2.1 Dodging
 + Level 3.5 Stealth
 + Level 1.9 Spellcasting
 * Level 2.7 Hexes


You had 2 spell levels left.
You knew the following spells:

 Your Spells              Type           Power        Failure   Level  Hunger
a - Corona                Hex            #......      10%         1    ##.....
b - Ensorcelled Hibernat  Hex/Ice        #.....       26%         2    ###....

Your spell library contained the following spells:

 Spells                   Type           Power        Failure   Level  Hunger
 Confuse                  Hex            #.......     28%         3    ####...
 Tukima's Dance           Hex            #.......     28%         3    ####...
 Dazzling Spray           Conj/Hex       #.....       45%         3    ####...


Dungeon Overview and Level Annotations

Branches:
Dungeon (2/15)

Altars:


Innate Abilities, Weirdness & Mutations

Your body is rotting away.
You thrive on raw meat.
You are immune to poison.
You have sharp fingernails.
You are carnivorous and can eat meat at any time.
Your flesh is cold resistant. (rC+)
You are immune to negative energy. (rN+++)
You do not regenerate when monsters are visible.
You are immune to unholy pain and torment.
You can survive without breathing.


Message History

Press: ? - help, Shift-Dir - straight line, f/p - iguana
Aim: an iguana (chance to defeat MR: 45%)
The iguana looks drowsy...
The helpless iguana fails to defend itself.
You puncture the iguana!
The iguana is severely wounded.
The iguana bites you.
You closely miss the iguana.
The iguana is severely wounded.
The iguana barely misses you.
You hit the iguana but do no damage.
The iguana is severely wounded.
Eat a chunk of flesh? (ye/n/q)
You eat the chunk of flesh.
This raw flesh tastes great!
The iguana bites you!
* * * LOW HITPOINT WARNING * * *
Okay, then.
It was a potion of agility.
You feel agile all of a sudden. The iguana bites you!
You die...

######.# . #.# ### .. #.#
... .# ##.## .##.### .#
##...## .......
##.########.###.# .......
............# #..
.......##.#########.###.#
.......l@.# ##...##
.......##.# #.....#
....... #.#########.....#
....... #................
####### #.#.#######.....#
#..#.# #.....# ###.##
###.### #.#########.##
#............#


You could see an iguana.

Vanquished Creatures
  Jessica (D:2)
  5 bats
  2 giant cockroaches (D:1)
  3 hobgoblins
  A ball python (D:1)
  A frilled lizard (D:1)
  2 goblins
  2 kobolds (D:1)
  2 rats (D:1)
19 creatures vanquished.

Notes
Turn   | Place    | Note
-------+----------+-------------------------------------------
     0 | D:1      | Borgoz the Ghoul Enchanter began the quest for the Orb.
     0 | D:1      | Reached XP level 1. HP: 14/14 MP: 2/2
    64 | D:1      | Reached skill level 1 in Short Blades
   673 | D:1      | Reached XP level 2. HP: 20/20 MP: 3/3
   857 | D:1      | Learned a level 2 spell: Ensorcelled Hibernation
  1141 | D:2      | HP: 1/20 [worm (4)]
  1451 | D:2      | Noticed Jessica
  1454 | D:2      | Killed Jessica
  1454 | D:2      | Reached XP level 3. HP: 26/26 MP: 1/4
  1526 | D:2      | Mangled by an iguana

Skill      XL: |  1  2 |
---------------+-------+-----
Short Blades   | 1 |  1.6
Dodging        | 2 |  2.1
Fighting       | |  0.7
Armour         | |  0.5
Stealth        | |  3.5
Spellcasting   | |  1.9
Hexes          | |  2.7

Action                   || total
-------------------------++-------
Melee: Dagger            ||    82
 Cast: Corona            ||     2
       Ensorcelled Hiber ||     5
  Use: Potion            ||     1
 Stab: Sleeping          ||     7
  Eat: Chunk             ||     7
Armor: Robe              ||    17
Dodge: Dodged            ||    59
